AoeStats
← kV0t3

Arabia

510430638Analyzed
1v1 RM · 15h ago on Oct 1, 2026· 46m 5s· 2 players
Game mode
Random Map
Map size
Tiny (2 player)
Population
200
Speed
Normal
Resources
Standard
Victory
Conquest
Starting age
Dark Age
Ending age
Imperial Age
RankedLock teamsTeams togetherTeam positionsShared explorationLock speedFull tech treeHidden civsTurbo modeCheats
Victory
Defeat
🇲🇽 Cumans · Mexico
1321
+14
🇦🇷 Maya · Argentina
1287
-14
kV0t3
0:35 Loom
9:34 Feudal Age
15:45 Double-Bit Axe
22:23 Castle Age
21:39 Horse Collar
21:51 Gold Mining
24:01 Bow Saw
23:52 Heavy Plow
30:07 Stone Mining
31:01 Wheelbarrow
31:19 Fletching
36:03 Imperial Age
34:01 Fletching
36:03 Bodkin Arrow
37:33 Bracer
38:52 Pikeman
41:44 Scale Mail Armor
41:54 Forging
42:54 Padded Archer Armor
44:47 Two-Man Saw
43:21 Elite Skirmisher
44:56 Ballistics
45:36 Chemistry
44:53 Leather Archer Armor
45:40 Chain Mail Armor
44:51 Crossbowman
46:50 Ring Archer Armor
El Mulo
6:42 Loom
9:18 Feudal Age
12:34 Town Watch
20:09 Double-Bit Axe
26:31 Castle Age
25:40 Wheelbarrow
25:35 Scale Barding Armor
25:41 Forging
26:32 Bloodlines
26:31 Horse Collar
28:19 Chain Barding Armor
30:29 Iron Casting
37:22 Imperial Age
38:56 Padded Archer Armor
38:47 Fletching
38:56 Cavalier
41:26 Blast Furnace
40:24 Bodkin Arrow
41:34 Chemistry
40:56 Ballistics
41:49 Hand Cart
42:40 Conscription
42:52 Paladin
44:28 Plate Barding Armor
45:38 Steppe Husbandry
44:59 Elite Kipchak
46:18 Steppe Husbandry
Connection lost

Rejoining the realm…

Still unreachable

The connection could not be restored.

Session expired

The server has moved on; the page needs a fresh start.